 Dungeon Crawl Stone Soup version 0.31-a0-949-g57150269e1 (webtiles) character file.

Game seed: 11169932750411413675

1816 sampeng1 the Ruffian (level 9, -2/68 HPs)
             Began as a Human Shapeshifter on Oct 21, 2023.
             Was a Follower of Qazlal.
             Succumbed to a killer bee's poison
             ... on level 7 of the Dungeon.
             The game lasted 00:22:19 (7182 turns).

sampeng1 the Ruffian (Human Shapeshifter)           Turns: 7182, Time: 00:22:19

Health: -2/68      AC:  8    Str: 18    XL:     9   Next: 31%
Magic:  13/13      EV: 14    Int: 10    God:    Qazlal [*.....]
Gold:   306        SH:  6    Dex: 14    Spells: 12/13 levels left

rFire   . .          .
                       - Unarmed
rCold   . . .        (no shield)
rNeg    . . .        m - +2 animal skin
rPois   .            (helmet currently unavailable)
rElec   .            (cloak currently unavailable)
rCorr   .            (gloves currently unavailable)
SInv    .            (boots currently unavailable)
Will    +....        g - amulet of reflection
Stlth   +            e - +4 ring of protection
HPRegen 0.31/turn    i - ring of willpower
MPRegen 0.13/turn

%: reflection
@: lethally poisoned (-2 -> -15), beast-form
A: beast (slay +3)
a: Begin Untransformation, Renounce Religion


You were on level 7 of the Dungeon.
You worshipped Qazlal.
Qazlal was aware of your devotion.
You were a hulking beast.
You visited 2 branches of the dungeon, and saw 8 of its levels.

You collected 402 gold pieces.
You spent 96 gold pieces at shops.

Inventory:

Armour
 l - a +0 helmet
 m - a +2 animal skin (worn)
 o - a +0 chain mail
 x - a +0 cloak
Jewellery
 e - a +4 ring of protection (left hand)
 g - an amulet of reflection (around neck)
 i - a ring of willpower (right hand)
 s - a +4 ring of protection
Talismans
 c - a beast talisman (active)
 d - a flux talisman
Scrolls
 a - 3 scrolls of identify
 k - a scroll of revelation {unknown}
 r - a scroll of teleportation
 w - a scroll of silence {unknown}
Potions
 b - 3 potions of lignification
 f - a potion of resistance
 h - 2 potions of brilliance
 j - 2 potions of curing
 n - a potion of degeneration {unknown}
 p - a potion of heal wounds
 q - a potion of cancellation {unknown}
 t - a potion of mutation {unknown}
 u - a potion of magic {unknown}
 v - 3 potions of enlightenment {unknown}


   Skills:
 + Level 5.4 Fighting
 + Level 5.8 Dodging
 + Level 6.2 Unarmed Combat
 + Level 2.9 Spellcasting
 + Level 5.7 Shapeshifting


You had 12 spell levels left.
You knew the following spells:

 Your Spells              Type           Power      Damage    Failure   Level
a - Foxfire               Conj/Fire      4%         2x1d4     28%         1

Your spell library contained the following spells:

 Spells                   Type           Power      Damage    Failure   Level
 Magic Dart               Conj           4%         1d3       28%         1
 Necrotise                Necr           4%         1d4       28%         1
 Slow                     Hex            4%         N/A       28%         1
 Cigotuvi's Dreadful Rot  Necr/Pois/Air  2%         N/A       41%         2
 Searing Ray              Conj           2%         2d4       41%         2
 Confusing Touch          Hex            1%         N/A       65%         3
 Dazzling Flash           Conj/Hex       2%         N/A       65%         3
 Ignite Poison            Fire/Tmut/Pois 1%         N/A       65%         3
 Sigil of Binding         Hex            1%         N/A       65%         3
 Vampiric Draining        Necr           1%         2d6       65%         3
 Volatile Blastmotes      Fire/Tloc      2%         2d10      65%         3
 Fulminant Prism          Conj/Hex       0%         3d5       96%         4
 Summon Ice Beast         Ice/Summ       1%         N/A       96%         4
 Agony                    Necr           1%         N/A       100%        5
 Freezing Cloud           Conj/Ice/Air   0%         6-21      100%        5
 Summon Mana Viper        Hex/Summ       1%         N/A       100%        5
 Plasma Beam              Fire/Air       0%         2x1d10    100%        6
 Starburst                Conj/Fire      0%         6d3       100%        6
 Monstrous Menagerie      Summ           0%         N/A       100%        7
 Maxwell's Capacitive Co  Air            0%         ∞         100%        8


Dungeon Overview and Level Annotations

Branches:
Dungeon (7/15)             Temple (1/1) D:5

Altars:
Ashenzari
Cheibriados
Dithmenos
Elyvilon
Fedhas
Gozag
Hepliaklqana
Kikubaaqudgha
Makhleb
Nemelex Xobeh
Okawaru
Qazlal
Ru
Sif Muna
Trog
Uskayaw
Vehumet
Xom
Yredelemnul
Zin
The Shining One

Shops:
D:2 !   D:5 *


Message History

The killer bee stings you but does no damage.
You miss the killer bee.
The killer bee is heavily wounded.
You feel sick. The killer bee barely misses you. The killer bee misses you.
You hit the killer bee.
The killer bee is almost dead.
You feel sick. You block the killer bee's attack.
The killer bee barely misses you. The killer bee closely misses you.
You barely miss the killer bee.
The killer bee is severely wounded.
You feel sick.
You are no longer poisoned.
The killer bee closely misses you. The killer bee misses you.
You punch the killer bee!
You kill the killer bee!
Qazlal accepts your kill.
You are now surrounded by a storm.
The killer bee stings you but does no damage.
The killer bee closely misses you.
The killer bee stings you but does no damage.
The killer bee closely misses you. The killer bee stings you!
You are poisoned.
The killer bee poisons you!
You closely miss the killer bee.
You feel sick. The killer bee stings you.
* * * LOW HITPOINT WARNING * * *
You are more poisoned.
The killer bee poisons you! The killer bee stings you!
* * * LOW HITPOINT WARNING * * *
You block the killer bee's attack. The killer bee stings you.
* * * LOW HITPOINT WARNING * * *
You block the killer bee's attack. The killer bee barely misses you.
You closely miss the killer bee.
* * * LOW HITPOINT WARNING * * *
You feel very sick.
The killer bee stings you but does no damage.
The killer bee stings you.
* * * LOW HITPOINT WARNING * * *
The killer bee misses you. The killer bee barely misses you.
The killer bee misses you. The killer bee barely misses you.
You closely miss the killer bee.
You die...

### ..# #.# # #<###.# #
#.....### #.#........
#.#.######## ######
#..yy......###....#
###h#..###.....##.#
#y#..#####....#.#.
.......y.............>#.
#.#.....#..######.>.....
#.#####..# ###.#.## #
...# #.#.# ##.. #.#.# ##
#.#)# #.#.#


You could see 4 killer bees.

Vanquished Creatures
  Grinder (D:6)
  2 ogres
  2 phantoms
  A bullfrog (D:6)
  2 scorpions
  3 wights (D:4)
  A killer bee (D:7)
  A howler monkey (D:5)
  5 hounds
  A jelly (D:5)
  5 orc priests
  An iguana (D:4)
  Natasha (thrice) (D:3)
  5 orc wizards
  Robin (D:3)
  7 gnolls
  8 adders
  3 shadow imps
  4 ufetubi
  3 worms (D:2)
  A dart slug (D:1)
  22 orcs
  4 ball pythons
  6 endoplasms
  4 giant cockroaches
  21 goblins
  7 hobgoblins
  6 jackals
  5 quokkas
  3 bats
  5 frilled lizards
  8 kobolds
  9 rats
160 creatures vanquished.

Notes
Turn   | Place    | Note
-------+----------+-------------------------------------------
     0 | D:1      | sampeng1 the Human Shapeshifter began the quest for the
                  | Orb.
     0 | D:1      | Reached XP level 1. HP: 15/15 MP: 1/1
   159 | D:1      | Reached XP level 2. HP: 17/21 MP: 2/2
   439 | D:1      | Reached XP level 3. HP: 22/26 MP: 3/3
  1150 | D:2      | Found a basalt altar of Yredelemnul.
  1182 | D:2      | Reached XP level 4. HP: 33/33 MP: 4/4
  1553 | D:2      | Found Cidimnaa's Distillery.
  1562 | D:2      | Bought a potion of berserk rage for 60 gold pieces
  1562 | D:2      | Bought a potion of curing for 36 gold pieces
  1570 | D:2      | Found a faded altar of an unknown god.
  2277 | D:3      | Reached XP level 5. HP: 30/38 MP: 5/5
  2418 | D:3      | Found a shadowy altar of Dithmenos.
  2465 | D:3      | Noticed Robin
  2483 | D:3      | Killed Robin
  2678 | D:3      | Reached skill level 4 in Unarmed Combat
  3024 | D:3      | Reached XP level 6. HP: 46/46 MP: 6/6
  3044 | D:3      | Noticed Natasha
  3053 | D:3      | Killed Natasha
  3303 | D:3      | Noticed Natasha
  3308 | D:3      | Killed Natasha
  3358 | D:3      | Noticed Natasha
  3374 | D:3      | Killed Natasha
  3511 | D:4      | Upgraded the game from 0.31-a0-940-gdaa99269f9 to
                  | 0.31-a0-949-g57150269e1
  3778 | D:4      | Reached XP level 7. HP: 50/51 MP: 7/7
  3803 | D:4      | Found a hide-covered altar of Uskayaw.
  4280 | D:4      | Found a burning altar of Makhleb.
  4796 | D:4      | Reached skill level 5 in Unarmed Combat
  5007 | D:5      | Entered Level 5 of the Dungeon
  5136 | D:5      | Reached XP level 8. HP: 55/60 MP: 8/8
  5155 | D:5      | Found a staircase to the Ecumenical Temple.
  5171 | Temple   | Entered the Ecumenical Temple
  5201 | Temple   | Became a worshipper of Qazlal Stormbringer
  5215 | D:5      | Learned a level 1 spell: Foxfire
  5613 | D:5      | Reached skill level 1 in Spellcasting
  5613 | D:5      | Reached skill level 5 in Shapeshifting
  5626 | D:5      | Reached skill level 5 in Dodging
  5895 | D:5      | Found Qoebosun's CLEARANCE SALE!.
  6357 | D:6      | Noticed Grinder
  6372 | D:6      | Killed Grinder
  6373 | D:6      | Reached skill level 5 in Fighting
  6373 | D:6      | Reached XP level 9. HP: 44/68 MP: 10/12
  6629 | D:6      | Reached skill level 6 in Unarmed Combat
  7179 | D:7      | Reached * piety under Qazlal
  7181 | D:7      | HP: 1/68 [killer bee (3)]
  7182 | D:7      | Succumbed to a killer bee's poison

Illustrated notes

Levels and vault maps discovered:
D:1:      roadster_arrival_rocket_small, layout_basic, serial_forest,
          infiniplex_forest_clump_long, infiniplex_forest_end_3,
          infiniplex_forest_clump_medium, infiniplex_forest_end_1,
          infiniplex_forest_straight_2
D:2:      layout_loops_corners, basic_altar, dreamdust_ecumenical_altar_grove,
          serial_shops, shop, roderic_lattice_a, grunt_decor_one_mirror,
          skrybe_limestone_x
D:3:      minmay_general_purpose_star, layout_loops_ring,
          nicolae_dithmenos_through_a_glass_darkly, minmay_crystal_room,
          grunt_decor_fettered, minmay_goblin_kobold_house, uniq_natasha,
          uniq_robin
D:4:      layout_basic, marbit_many_paths, eat_drink_and_be_merry_uskayaw,
          nicolae_houndstooth_variations
D:5:      layout_basic, minmay_temple_entry_arrows, nicolae_shop_clearance
D:6:      layout_rooms, minivault_4, hangedman_decor_growths, uniq_grinder
D:7:      layout_basic, uniq_maggie
Temple:   dpeg_three_leaves_temple

Skill      XL: |  1  2  3  4  5  6  7  8  9 |
---------------+----------------------------+-----
Fighting       | 2 3 4 5 |  5.4
Dodging        | 3 4 5 |  5.8
Unarmed Combat | 4 5 6 |  6.2
Shapeshifting  | 4 5 |  5.7
Spellcasting   | 2 |  2.9

Action                     |  1- 3 |  4- 6 |  7- 9 || total
---------------------------+-------+-------+-------++-------
  Melee: Unarmed           |    85 |   201 |   304 ||   590
         Punch             |     3 |    10 |    13 ||    26
    Use: Scroll            |     2 |     2 |     3 ||     7
         Potion            |     1 |     1 |     2 ||     4
   Stab: Sleeping          |       |       |     1 ||     1
 Armour: Animal skin       |    36 |   140 |   103 ||   279
         Chain mail        |       |    12 |   103 ||   115
  Dodge: Dodged            |    44 |   140 |   184 ||   368
  Block: Other             |       |       |    50 ||    50

Table legend: (Time is in decaauts)
 A = Elapsed time spent in this place.
 B = Non-inter-level travel time spent in this place.
 C = Inter-level travel time spent in this place.
 D = Time resting spent in this place.
 E = Time spent auto-exploring this place.
 F = Levels seen in this place.
 G = Mean time per level.
                   A        B        C        D        E       F      G
               +--------+--------+--------+--------+--------+-----+--------+
         Total |   7150 |   6819 |    331 |      0 |   5269 |   8 |  893.8 |
       Dungeon |   7109 |   6795 |    314 |      0 |   5269 |   7 | 1015.6 |
        Temple |     40 |     23 |     17 |      0 |      0 |   1 |   40.0 |
               +--------+--------+--------+--------+--------+-----+--------+

Top non-repeatable levels by time:
     D:4: 1486 daAuts
     D:3: 1412 daAuts
     D:2: 1197 daAuts
     D:5: 1172 daAuts
     D:1: 897 daAuts
     D:6: 675 daAuts
     D:7: 266 daAuts
  Temple: 40 daAuts
